 Dungeon Crawl Stone Soup version 0.32-a0-872-g59262bdc9b (webtiles) character file.

Game seed: 15296198715119101871

18 Autsider the Vexing (level 2, 0/21 HPs)
             Began as a Coglin Hexslinger on Mar 30, 2024.
             Succumbed to an adder's poison
             ... on level 2 of the Dungeon.
             The game lasted 00:01:17 (604 turns).

Autsider the Vexing (Coglin Hexslinger)              Turns: 604, Time: 00:01:18

Health: 0/21       AC:  2    Str:  8    XL:     2   Next: 66%
Magic:  3/3        EV: 11    Int: 12    God:
Gold:   91         SH:  0    Dex: 16    Spells: 3/3 levels left

rFire   . . .        a - +1 sling {Nefertari}
rCold   . . .        d - -2 sling {Udom}
rNeg    . . .        c - +0 robe
rPois   .            (no helmet)
rElec   .            (no cloak)
rCorr   .            (no gloves)
SInv    .            (no boots)
Will    .....        (amulet unavailable)
Stlth   +            (ring unavailable)
HPRegen 0.23/turn    (ring unavailable)
MPRegen 0.08/turn    (no gizmo)

%: no passive effects
@: lethally poisoned (0 -> -6), revved
A: off-hand wielding, slow wielding, warmup strikes, no jewellery
a: Invent Gizmo


You were on level 2 of the Dungeon.
You visited 1 branch of the dungeon, and saw 2 of its levels.

You collected 91 gold pieces.

Inventory:

Hand Weapons
 a - a +1 sling (weapon) {Nefertari}
 d - a -2 sling (offhand) {Udom}
Armour
 c - a +0 robe (worn)
Scrolls
 b - a scroll of poison
 e - a scroll of fog {unknown}
 f - a scroll of identify {unknown}
Potions
 g - a potion of mutation {unknown}
 h - a potion of enlightenment {unknown}
 i - a potion of attraction {unknown}


   Skills:
 + Level 1.4 Fighting
 * Level 2.3 Ranged Weapons
 - Level 1.7 Dodging
 - Level 1.0 Spellcasting
 + Level 2.9 Hexes
 - Level 0.8 Fire Magic


You had 3 spell levels left.
You didn't know any spells.
Your spell library contained the following spells:

 Spells                   Type           Power      Damage    Failure   Level
 Jinxbite                 Hex            14%        N/A       14%         2
 Sigil of Binding         Hex            7%         N/A       26%         3
 Inner Flame              Hex/Fire       5%         N/A       38%         3
 Cause Fear               Hex            3%         N/A       65%         4
 Dimensional Bullseye     Hex/Tloc       2%         N/A       86%         4


Dungeon Overview and Level Annotations

Branches:
Dungeon (2/15)

Altars:


Innate Abilities, Weirdness & Mutations

You can wield a second weapon in your off-hand.
It takes a long time for you to wield or remove held weapons.
Your first few attacks do less damage.
You cannot equip rings or amulets.


Message History

Fire: a) +1 sling {Nefertari}
Press: ? - help, Shift-Dir - straight line, f/p - adder
Aim: an adder (almost dead, 40% to hit)
You shoot a sling bullet.
The sling bullet barely misses the adder.
You shoot a sling bullet. The sling bullet misses the adder.
* * * LOW HITPOINT WARNING * * *
You feel very sick. The bat misses you. The adder barely misses you.
Fire: a) +1 sling {Nefertari}
Press: ? - help, Shift-Dir - straight line, f/p - adder
Aim: an adder (almost dead, 40% to hit)
You shoot a sling bullet.
The sling bullet hits the adder but does no damage.
The adder is almost dead.
You shoot a sling bullet.
The sling bullet closely misses the adder.
You feel sick. The bat hits you but does no damage.
The adder barely misses you. The bat hits you.
* * * LOW HITPOINT WARNING * * *
The adder bites you but does no damage.
Fire: a) +1 sling {Nefertari}
Press: ? - help, Shift-Dir - straight line, f/p - adder
Aim: an adder (almost dead, 40% to hit)
You shoot a sling bullet.
The sling bullet hits the adder but does no damage.
The adder is almost dead.
You shoot a sling bullet. The sling bullet misses the adder.
* * * LOW HITPOINT WARNING * * *
You feel sick. The bat closely misses you. The adder bites you.
* * * LOW HITPOINT WARNING * * *
You are more poisoned.
The adder poisons you! The adder misses you.
Fire: a) +1 sling {Nefertari}
Press: ? - help, Shift-Dir - straight line, f/p - adder
Aim: an adder (almost dead, 40% to hit)
You shoot a sling bullet. The sling bullet hits the adder.
You kill the adder!
You shoot a sling bullet.
You die...

##............
/............
............
#.!.........
####.....#!....
.............
#....b..#.#.#
#....@......#
##..........#
##.......#..
#<.#........
#....#........
#.............
#.......#.....
#....####.....
....## ...


You could see a bat.

Vanquished Creatures
  An adder (D:2)
  A dart slug (D:2)
  2 ball pythons (D:1)
  3 hobgoblins (D:1)
  3 kobolds (D:1)
  A quokka (D:1)
  3 bats (D:1)
  A rat (D:1)
15 creatures vanquished.

Notes
Turn   | Place    | Note
-------+----------+-------------------------------------------
     0 | D:1      | Autsider the Coglin Hexslinger began the quest for the Orb.
     0 | D:1      | Reached XP level 1. HP: 15/15 MP: 2/2
   284 | D:1      | Reached XP level 2. HP: 21/21 MP: 3/3
   604 | D:2      | Succumbed to an adder's poison

Illustrated notes

Levels and vault maps discovered:
D:1:      lemuel_arrival_hallway, layout_basic
D:2:      layout_rooms, uniq_jessica, uniq_sigmund, uniq_natasha

Skill      XL: |  1 |
---------------+----+-----
Ranged Weapons | 2 |  2.3
Fighting       | |  1.4
Dodging        | |  1.7
Spellcasting   | |  1.0
Hexes          | |  2.9
Fire Magic     | |  0.8

Action                     || total
---------------------------++-------
   Fire: Sling             ||    86
 Armour: Robe              ||    13
  Dodge: Dodged            ||    13

Table legend: (Time is in decaauts)
 A = Elapsed time spent in this place.
 B = Non-inter-level travel time spent in this place.
 C = Inter-level travel time spent in this place.
 D = Time resting spent in this place.
 E = Time spent auto-exploring this place.
 F = Levels seen in this place.
 G = Mean time per level.
                   A        B        C        D        E       F      G
               +--------+--------+--------+--------+--------+-----+--------+
         Total |    616 |    596 |     20 |      0 |    511 |   2 |  308.0 |
       Dungeon |    616 |    596 |     20 |      0 |    511 |   2 |  308.0 |
               +--------+--------+--------+--------+--------+-----+--------+

Top non-repeatable levels by time:
     D:1: 592 daAuts
     D:2: 24 daAuts
